 Dungeon Crawl Stone Soup version 0.31-a0-165-g3f4f80340b (webtiles) character file.

Game seed: 2133966387422697354

195 qw the Shooter (level 5, -4/32 HPs)
             Began as a Gargoyle Hunter on June 13, 2023.
             Slain by an orc
             ... wielding a +0 trident
              (6 damage)
             ... on level 3 of the Dungeon.
             The game lasted 00:00:50 (1610 turns).

qw the Shooter (Gargoyle Hunter)                    Turns: 1610, Time: 00:00:51

Health: -4/32      AC: 11    Str: 15    XL:     5   Next: 74%
Magic:  5/5        EV: 11    Int:  9    God:
Gold:   114        SH:  0    Dex: 15    Spells: 4/4 levels left

rFire   . . .        Y - +0 shortbow
rCold   . . .        (shield currently unavailable)
rNeg    + . .        f - +0 ring mail
rPois   inf          a - +0 helmet
rElec   +            (no cloak)
rCorr   .            d - +0 pair of gloves
SInv    .            (no boots)
Will    .....        (no amulet) Stlth
                     (no ring)
HPRegen 0.25/turn    (no ring)
MPRegen 0.09/turn

%: no passive effects
@: confused
A: sickness immunity, AC +4, negative energy resistance 1, electricity
resistance, torment resistance 1, petrification resistance
a: no special abilities


You were on level 3 of the Dungeon.
You visited 1 branch of the dungeon, and saw 3 of its levels.

You collected 114 gold pieces.


Innate Abilities, Weirdness & Mutations

You are immune to sickness and miasma.
Your stone body is resilient. (AC +4)
You are immune to poison.
You resist negative energy. (rN+)
You are resistant to electric shocks. (rElec)
You are resistant to unholy torment.
You are immune to petrification.


   Skills:
 + Level 3.6 Fighting
 - Level 6.0 Ranged Weapons
 - Level 1.2 Armour
 - Level 1.5 Dodging
 - Level 1.1 Stealth


You had 4 spell levels left.
You didn't know any spells.
Your spell library was empty.

Inventory:

Hand Weapons
 Y - a +0 shortbow (weapon)
Armour
 a - a +0 helmet (worn)
 d - a +0 pair of gloves (worn)
 f - a +0 ring mail (worn)
Jewellery
 e - a ring of ice
Scrolls
 b - 2 scrolls of identify
Potions
 c - a potion of might {unknown}
 g - a potion of brilliance {unknown}
 h - a potion of haste {unknown}

Dungeon Overview and Level Annotations

Branches:
Dungeon (3/15)

Altars:


Message History

An orc wizard comes into view. It is wielding a +0 dagger.
Something hits you. The orc hits you but does no damage.
1600 ||| Stepping ~*~*~tactically~*~*~ (outnumbered).
Something hits you.
A magic dart appears from out of thin air!
The magic dart hits you!
You shoot an arrow.
You hear some strange, mumbled words.
You are confused.
You shoot an arrow. You shoot an arrow.
An orc wizard appears from thin air!
Reactivating autopickup.
The orc wizard barely misses you.
The orc wizard hits you but does no damage.
The orc wizard barely misses you.
The orc wizard hits you with a +0 dagger.
The orc wizard barely misses you.
The orc hits you from afar with a +0 trident.
The orc wizard gestures at you while chanting.
The magic dart hits you but does no damage.
The orc wizard hits you with a +0 dagger.
The orc hits you from afar with a +0 trident.
You feel less confused. The orc wizard barely misses you.
The orc wizard hits you but does no damage.
The orc closely misses you.
You shoot an arrow.
The arrow closely misses the orc wizard.
The orc wizard misses you. The orc wizard casts a spell at you.
You are confused.
The orc closely misses you. The orc wizard closely misses you.
The orc wizard hits you but does no damage.
The orc closely misses you. The orc wizard completely misses you.
The orc wizard hits you with a +0 dagger.
The orc hits you from afar with a +0 trident.
You die...

#.....###....##
....... #............#
... #######
####............# ...
# #...####8###8###}#..
# #...########## ##.o
# #...##.....# .# #
#...##...#...#### .# #
#...##...# #...[##o###
#...##...######.@o)..#
.................o.#.#
#...################
#...# #####


You could see 2 orc wizards and an orc.

Vanquished Creatures
  Natasha (thrice) (D:2)
  3 gnolls (D:2)
  3 adders
  A worm (D:2)
  2 dart slugs
  2 orcs (D:3)
  5 ball pythons
  6 endoplasms
  2 goblins
  4 hobgoblins
  4 kobolds (D:1)
  4 quokkas
  8 bats
  4 frilled lizards
  8 rats
59 creatures vanquished.

Notes
Turn   | Place    | Note
-------+----------+-------------------------------------------
     0 | D:1      | qw the Gargoyle Hunter began the quest for the Orb.
     0 | D:1      | Reached XP level 1. HP: 12/12 MP: 1/1
     0 | D:1      | 0 ||| qw: Version: 0.2-a-29-gc1b59c4
     0 | D:1      | 0 ||| qw: Game counter: 4752
     0 | D:1      | 0 ||| qw: Always use a shield: true
     0 | D:1      | 0 ||| qw: God list: Okawaru
     0 | D:1      | 0 ||| qw: Allow faded altars: false
     0 | D:1      | 0 ||| qw: Do Orc after D:15 true
     0 | D:1      | 0 ||| qw: Do second Lair branch before Depths: true
     0 | D:1      | 0 ||| qw: Lair rune preference: random
     0 | D:1      | 0 ||| qw: Plans: Normal, Zot:1-4, Slime:5, God:TSO, Crypt,
                  | Tomb, Abyss, Pan, Hells, Win
     0 | D:1      | 0 ||| PLANNING D:1-11
   122 | D:1      | Reached XP level 2. HP: 17/17 MP: 2/2
   484 | D:1      | Reached XP level 3. HP: 21/21 MP: 3/3
   514 | D:1      | Reached skill level 5 in Ranged Weapons
   652 | D:1      | 652 ||| UPGRADING to +0 pair of gloves.
   657 | D:1      | 657 ||| UPGRADING to +0 ring mail.
   667 | D:1      | 667 ||| DROPPING +0 leather armour.
   668 | D:1      | 668 ||| READING scroll labelled LEUT WYETAU.
   673 | D:1      | 673 ||| READING scroll labelled FUELUNUAME.
   674 | D:1      | 674 ||| READING scroll labelled USUREO UNTU.
   675 | D:1      | 675 ||| DROPPING scroll of butterflies.
   724 | D:2      | Reached skill level 1 in Armour
   735 | D:2      | HP: 3/22 [gnoll/+0 whip (4)]
   738 | D:2      | Reached skill level 3 in Fighting
   738 | D:2      | Reached XP level 4. HP: 3/28 MP: 4/4
   857 | D:2      | Noticed Natasha
   858 | D:2      | 858 ||| FLEEEEING.
   859 | D:2      | 859 ||| FLEEEEING.
   866 | D:2      | Killed Natasha
  1013 | D:2      | Noticed Natasha
  1021 | D:2      | Killed Natasha
  1022 | D:2      | Reached XP level 5. HP: 17/32 MP: 5/5
  1106 | D:2      | Noticed Natasha
  1110 | D:2      | Killed Natasha
  1111 | D:2      | Reached skill level 6 in Ranged Weapons
  1251 | D:2      | 1251 ||| UPGRADING to +0 helmet.
  1584 | D:3      | 1584 ||| Stepping ~*~*~tactically~*~*~ (outnumbered).
  1600 | D:3      | 1600 ||| Stepping ~*~*~tactically~*~*~ (outnumbered).
  1605 | D:3      | HP: 8/32 [orc/+0 trident (3)]
  1606 | D:3      | HP: 2/32 [orc/+0 trident (5)]
  1610 | D:3      | Slain by an orc

Levels and vault maps discovered:
D:1:      mrwooster_arrival_statue_2, layout_basic, minmay_tetromino_s4
D:2:      layout_rooms, dreamdust_mushroom_princess, uniq_natasha
D:3:      layout_basic, lemuel_round_altar, serial_corexii_hall,
          chequers_hall_statues_corner_a, chequers_hall_statues_y,
          corexii_hall_statues_l, chequers_hall_statues_y

Skill      XL: |  1  2  3  4  5 |
---------------+----------------+-----
Ranged Weapons | 5 6 |  6.0
Armour         | 1 |  1.2
Fighting       | 3 |  3.6
Dodging        | |  1.5
Stealth        | |  1.1

Action                     |  1- 3 |  4- 6 || total
---------------------------+-------+-------++-------
   Fire: Shortbow          |   105 |   104 ||   209
    Use: Scroll            |     3 |       ||     3
 Armour: Leather armour    |    18 |       ||    18
         Ring mail         |     2 |    30 ||    32
  Dodge: Dodged            |    22 |    40 ||    62

Table legend:
 A = Non-vault XP
 B = Vault XP
 C = Vault XP percentage of total XP
 D = Non-vault monster count
 E = Vault monster count
 F = Vault count percentage of total count
                 A         B        C        D         E       F
            +---------+---------+-------+---------+---------+-------
      Total |     240 |      39 |  14.0 |      56 |       3 |   5.1
            +---------+---------+-------+---------+---------+-------
        D:1 |      40 |       4 |   9.1 |      25 |       2 |   7.4
        D:2 |     152 |      35 |  18.7 |      18 |       1 |   5.3
        D:3 |      48 |       0 |   0.0 |      13 |       0 |   0.0
            +---------+---------+-------+---------+---------+-------
